 Dungeon Crawl Stone Soup version 0.27.1-33-g824d729ab1 (webtiles) character file.

Game seed: 15044002743523811958

21 pkoi the Skirmisher (level 2, -5/26 HPs)
             Began as a Draconian Fighter on Dec 2, 2021.
             Slain by a gnoll (8 damage)
             ... on level 1 of the Dungeon.
             The game lasted 00:00:22 (357 turns).

pkoi the Skirmisher (Draconian Fighter)              Turns: 357, Time: 00:00:23

Health: -5/26      AC:  4    Str: 18    XL:     2   Next: 62%
Magic:  2/2        EV: 10    Int:  8    God:
Gold:   24         SH:  8    Dex: 10    Spells: 1/1 levels left

rFire    . . .     SeeInvis .     - Unarmed
rCold    . . .     Faith    .   a - +0 kite shield
rNeg     . . .     Spirit   .   (armour unavailable)
rPois    .         Reflect  .   (helmet restricted)
rElec    .         Harm     .   (no cloak)
rCorr    .         Rampage  .   (no gloves)
Will     .....                  (no boots)
Stlth    +.........             (no amulet)
HPRegen  0.08/turn              (no ring)
MPRegen  0.08/turn              (no ring)

@: no status effects
A: AC +4, unfitting armour, cold-blooded
a: no special abilities


You were on level 1 of the Dungeon.
You visited 1 branch of the dungeon, and saw 1 of its levels.

You collected 24 gold pieces.

Inventory:

Armour
 a - a +0 kite shield (worn)
Scrolls
 c - a scroll of enchant armour {unknown}
Potions
 b - a potion of might


   Skills:
 - Level 3.2 Fighting
 - Level 2.6 Dodging
 - Level 3.0 Shields
 + Level 3.2 Unarmed Combat


You had one spell level left.
You didn't know any spells.
Your spell library was empty.

Dungeon Overview and Level Annotations

Branches:
Dungeon (1/15)

Altars:


Innate Abilities, Weirdness & Mutations

Your plain brown scales are hard. (AC +4)
You cannot fit into any form of body armour.
You are cold-blooded and may be slowed by cold attacks.


Message History

You hit the hobgoblin but do no damage.
The hobgoblin is heavily wounded.
The hobgoblin closely misses you.
You hit the hobgoblin.
You kill the hobgoblin!
You hit the jackal but do no damage. You block the jackal's attack. x2
You hit the jackal but do no damage. You tail-slap the jackal.
You kill the jackal!
The jackal barely misses you.
You barely miss the jackal. The jackal closely misses you.
You block the gnoll's attack.
You barely miss the jackal.
Your tail-slap misses the jackal.
You block the jackal's attack.
The gnoll hits you from afar with a +0 spear.
You block the jackal's attack.
The gnoll hits you from afar with a +0 spear.
* * * LOW HITPOINT WARNING * * *
You closely miss the jackal. The jackal barely misses you.
The jackal bites you but does no damage.
The gnoll barely misses you.
You hit the jackal but do no damage.
Your tail-slap misses the jackal.
The jackal closely misses you. You block the gnoll's attack.
You hit the jackal.
The jackal is severely wounded.
The jackal bites you.
* * * LOW HITPOINT WARNING * * *
The jackal closely misses you. The gnoll barely misses you.
You barely miss the jackal. You tail-slap the jackal.
You kill the jackal!
The gnoll hits you from afar with a +0 spear.
* * * LOW HITPOINT WARNING * * *
The gnoll hits you with a +0 spear.
* * * LOW HITPOINT WARNING * * *
You see here a jackal corpse.
You barely miss the gnoll. You block the gnoll's attack.
You hit the gnoll but do no damage. The gnoll completely misses you.
You hit the gnoll.
The gnoll is heavily wounded.
You block the gnoll's attack. The gnoll hits you with a +0 spear!
You die...

#........# #.##.#
#........###.#..#
#..........#.#.##
#######....#'#.#
#........#####
#..............)
#.......######## #
################............
#
#..........@ggK.............
##
#.#############.......######
.# #)# #.K.....# # .### #.#
#.......# # ...###)#
#.......###### ....##.#
####.......... .##..#.#
#.......... .##..#.#
#.......... #.#..#.#
#..........


You could see a gnoll, a goblin and a kobold.

Vanquished Creatures
  3 bats (D:1)
  An endoplasm (D:1)
  2 goblins (D:1)
  2 hobgoblins (D:1)
  3 jackals (D:1)
  A kobold (D:1)
  4 ball pythons (D:1)
  2 rats (D:1)
18 creatures vanquished.

Notes
Turn   | Place    | Note
-------+----------+-------------------------------------------
     0 | D:1      | pkoi the Draconian Fighter began the quest for the Orb.
     0 | D:1      | Reached XP level 1. HP: 19/19 MP: 1/1
   147 | D:1      | Reached XP level 2. HP: 23/26 MP: 2/2
   357 | D:1      | Slain by a gnoll

Illustrated notes

Levels and vault maps discovered:
D:1:      lemuel_arrival_tunnels, layout_basic

Skill      XL: |  1  2 |
---------------+-------+-----
Unarmed Combat | 3 |  3.2
Fighting       | |  3.2
Dodging        | |  2.6
Shields        | |  3.0

Action                   || total
-------------------------++-------
Melee: Unarmed           ||    60
       Tailslap          ||     7
Armor: Skin              ||    23
Dodge: Dodged            ||    42
Block: Kite shield       ||    42
